 Dungeon Crawl Stone Soup version 0.14-a0-1474-g1105da3 (webtiles) character file.

215 Aargh the Ducker (level 4, -1/44 HPs)
             Began as a Troll Berserker on Dec 14, 2013.
             Was a Believer of Trog.
             Slain by an orc
             ... wielding a +0,+1 orcish flail
              (7 damage)
             ... on Level 3 of the Dungeon.
             The game lasted 00:15:30 (1913 turns).

Aargh the Ducker (Troll Berserker)                  Turns: 1913, Time: 00:15:30

HP  -1/44        AC  5     Str 25      XL: 4   Next: 78%
MP   2/2         EV 10     Int  4      God: Trog [**....]
Gold 93          SH  0     Dex  9      Spells:  0 memorised,  3 levels left

rFire  . . .     SeeInvis .     a - +1 mace
rCold  . . .     Clarity  .     l - +0 animal skin
rNeg   . . .     Conserve .     (shield restricted)
rPois  .         rCorr    .     (helmet restricted)
rElec  .         rRot     .     (no cloak)
SustAb . .       Spirit   .     (gloves unavailable)
rMut   .         Warding  .     (boots unavailable)
Gourm  +         Stasis   .     (no amulet)
                                (no ring)
                                (no ring)

@: slightly resistant to hostile enchantments, unstealthy
A: unfitting armour, claws 3, fast metabolism 3, gourmand, regeneration 2,
saprovore 2, shaggy fur 1, tough skin 2
a: Burn Spellbooks, Berserk, Trog's Hand, Renounce Religion


You were on level 3 of the Dungeon.
You worshipped Trog.
Trog was pleased with you.
You were not hungry.

You visited 1 branch of the dungeon, and saw 3 of its levels.

You collected 93 gold pieces.

Inventory:

Hand weapons
 a - a +1,+1 mace (weapon)
 b - a +0 blowgun
 f - a +1,+2 dwarven dagger
 i - a +0,+1 orcish dagger
 k - a +0,+2 spear
 o - a +0,+1 spear (quivered)
 q - a +1,+2 dagger
 t - a -1,+1 orcish war axe
 u - a cursed -3,+1 orcish dagger
 w - a +0,+0 falchion
 x - a +0,+0 elven spear
 y - a +1,+1 dwarven hand axe
Missiles
 d - 20 arrows
 e - 34 darts
 j - 60 bolts
 n - 17 poisoned needles
 p - 10 stones
Armour
 l - a +0 animal skin (worn)
Comestibles
 c - 2 meat rations
 r - a beef jerky
Scrolls
 h - a scroll of identify
 s - a scroll of magic mapping
 v - a scroll of blinking {unknown}
Potions
 g - a potion of agility
 m - 4 potions of heal wounds
 z - a potion of curing
Books
 A - a book of the Dragon

   Spells                             Type                      Level
   Flight                             Charms/Air                   3
   Cause Fear                         Hexes                        4
   Bolt of Fire                       Conjuration/Fire             6
   Dragon Form                        Transmutation                7
   Summon Dragon                      Summoning                    9
   Trog disapproves of the use of such an item.


   Skills:
 + Level 2.7 Fighting
 + Level 3.3 Maces & Flails
 * Level 1.5 Throwing
 + Level 3.6 Dodging
 + Level 0.4 Stealth
 + Level 0.2 Unarmed Combat


You had 3 spell levels left.
You didn't know any spells.

Dungeon Overview and Level Annotations

Branches:
Dungeon (3/16)

Altars:
Makhleb
Okawaru
Xom


Innate Abilities, Weirdness & Mutations

You are too large for most types of armour.
You have claws for hands.
Your metabolism is lightning-fast.
You like to eat raw meat.
You heal very quickly.
You can eat rotten meat.
You are covered in fur (AC +1).
You have very tough skin (AC +2).


Message History

An orc comes into view. It is wielding an orcish flail.
A hobgoblin comes into view. It is wielding an orcish club.
The hobgoblin shouts!
An orc comes into view. It is wielding an orcish club.
The orc shouts!
The hobgoblin hits you but does no damage.
You completely miss the hobgoblin.
The hobgoblin hits you with an orcish club.
You hit the hobgoblin.
The hobgoblin is severely wounded.
The hobgoblin barely misses you.
You hit the hobgoblin.
You kill the hobgoblin!
Trog accepts your kill. The orc closely misses you.
You closely miss the orc. The orc hits you with an orcish flail.
The orc hits you with an orcish flail. The orc hits you with an orcish club.
You closely miss the orc. The orc hits you but does no damage.
The orc hits you but does no damage.
You hit the orc.
The orc is moderately wounded.
The orc closely misses you. The orc hits you with an orcish flail!
* * * LOW HITPOINT WARNING * * *
You barely miss the orc.
The orc is moderately wounded.
The orc hits you but does no damage. The orc hits you with an orcish flail.
* * * LOW HITPOINT WARNING * * *
You hit the orc.
The orc is severely wounded.
The orc hits you with an orcish club.
* * * LOW HITPOINT WARNING * * *
The orc hits you with an orcish flail!
* * * LOW HITPOINT WARNING * * *
You barely miss the orc.
The orc is severely wounded.
The orc barely misses you. The orc hits you but does no damage.
You hit the orc but do no damage.
The orc is severely wounded.
The orc barely misses you. The orc hits you with an orcish flail!
You die...

#.#.#.##.#..................
###.#.#.##.#..................
#........#.#.....)............
#####.#..#.#.....<............
#....#..#............### ####
#.#..#..####.........#
#...................## ###
#..##.....###......... ....
#.. ##.####o@......... ....
.o. ### #.o#..+#..... .... ...
#..##.#.#.... ..... ....
#.#.#.. . ..... ....( #%#.#
w.... ..(. #.#.# ##.. .# #...#
#.. #...# #.. #.#.# #..


You could see 2 orcs.

Vanquished Creatures
  4 adders
  3 gnolls (D:3)
  A giant mite (D:3)
  3 giant geckos
  An orc (D:3)
  3 bats
  10 hobgoblins
  4 jackals (D:2)
  A quokka (D:2)
  3 giant cockroaches (D:2)
  2 giant newts (D:1)
  6 goblins
  4 kobolds
  3 rats
48 creatures vanquished.

Notes
Turn   | Place    | Note
--------------------------------------------------------------
     0 | D:1      | Aargh, the Troll Berserker, began the quest for the Orb.
     0 | D:1      | Reached XP level 1. HP: 22/22 MP: 1/1
   472 | D:1      | Reached XP level 2. HP: 27/29 MP: 1/1
   965 | D:2      | Reached skill level 3 in Dodging
  1032 | D:2      | Reached XP level 3. HP: 34/36 MP: 2/2
  1197 | D:2      | Found a shimmering altar of Xom.
  1198 | D:2      | Found a burning altar of Makhleb.
  1229 | D:2      | Acquired Trog's second power
  1310 | D:2      | Reached skill level 3 in Maces & Flails
  1333 | D:2      | Reached skill level 1 in Throwing
  1542 | D:3      | Reached XP level 4. HP: 44/44 MP: 2/2
  1726 | D:3      | Found an iron altar of Okawaru.
  1913 | D:3      | Slain by an orc

Action                   |  1- 3 |  4- 6 || total
-------------------------+-------+-------++-------
Melee: Mace              |   126 |    33 ||   159
       Unarmed           |     8 |       ||     8
Throw: Stone             |     2 |       ||     2
       Dart              |     1 |       ||     1
Invok: Berserk           |     1 |       ||     1
  Use: Scroll            |    10 |     2 ||    12
       Potion            |     2 |       ||     2
 Stab: Invisible         |     2 |       ||     2
       Sleeping          |     1 |       ||     1

Table legend:
 A = Turns spent in this place as a percentage of turns spent in the entire game.
 B = Non-inter-level travel turns spent in this place as a percentage of non-inter-level travel turns spent in the entire game.
 C = Inter-level travel turns spent in this place as a percentage of turns spent in this place.
 D = Turns resting spent in this place as a percentage of non-inter-level travel turns spent in this place.
 E = Turns spent auto-exploring this place as a percentage of non-inter-level travel turns spent in this place.
 F = Non-inter-level travel turns spent in this place divided by the number of levels of this place that you've seen.
                   A       B       C       D       E      F
               +-------+-------+-------+-------+-------+----------------------
         Total | 100.0 | 100.0 |   0.0 |   1.6 |   3.5 | 298.7
       Dungeon | 100.0 | 100.0 |   0.0 |   1.6 |   3.5 | 298.7
               +-------+-------+-------+-------+-------+----------------------

Table legend:
 A = Kills in this place as a percentage of kills in entire the game.
 B = Kills by you in this place as a percentage of kills by you in the entire game.
 C = Kills by friends in this place as a percentage of kills by friends in the entire game.
 D = Other kills in this place as a percentage of other kills in the entire game.
 E = Experience gained in this place as a percentage of experience gained in the entire game.
 F = Experience gained in this place divided by the number of levels of this place that you have seen.
                   A       B       C       D       E      F
               +-------+-------+-------+-------+-------+----------------------
         Total | 100.0 | 100.0 |  -nan |  -nan | 100.0 |  58.3
       Dungeon | 100.0 | 100.0 |  -nan |  -nan | 100.0 |  58.3
               +-------+-------+-------+-------+-------+----------------------

Vault maps used:
D:1:      minmay_entry_loop, roderic_bipointed_swastika, grunt_decor_cap
D:2:      gammafunk_temple_overflow_statue
D:3:      okawaru_ov_weapons_minmay, guppyfry_early_orc_mine

Action                   |  1- 3 |  4- 6 || total
-------------------------+-------+-------++-------
Melee: Mace              |   126 |    33 ||   159
       Unarmed           |     8 |       ||     8
Throw: Stone             |     2 |       ||     2
       Dart              |     1 |       ||     1
Invok: Berserk           |     1 |       ||     1
  Use: Scroll            |    10 |     2 ||    12
       Potion            |     2 |       ||     2
 Stab: Invisible         |     2 |       ||     2
       Sleeping          |     1 |       ||     1
Dungeon Crawl Stone Soup version 0.14-a0-1474-g1105da3 (webtiles) character file. 215 Aargh the Ducker (level 4, -1/44 HPs) Began as a Troll Berserker on Dec 14, 2013. Was a Believer of Trog. Slain by an orc ... wielding a +0,+1 orcish flail (7 damage) ... on Level 3 of the Dungeon. The game lasted 00:15:30 (1913 turns). Aargh the Ducker (Troll Berserker) Turns: 1913, Time: 00:15:30 HP -1/44 AC 5 Str 25 XL: 4 Next: 78% MP 2/2 EV 10 Int 4 God: Trog [**....] Gold 93 SH 0 Dex 9 Spells: 0 memorised, 3 levels left rFire . . . SeeInvis . a - +1 mace rCold . . . Clarity . l - +0 animal skin rNeg . . . Conserve . (shield restricted) rPois . rCorr . (helmet restricted) rElec . rRot . (no cloak) SustAb . . Spirit . (gloves unavailable) rMut . Warding . (boots unavailable) Gourm + Stasis . (no amulet) (no ring) (no ring) @: slightly resistant to hostile enchantments, unstealthy A: unfitting armour, claws 3, fast metabolism 3, gourmand, regeneration 2, saprovore 2, shaggy fur 1, tough skin 2 a: Burn Spellbooks, Berserk, Trog's Hand, Renounce Religion You were on level 3 of the Dungeon. You worshipped Trog. Trog was pleased with you. You were not hungry. You visited 1 branch of the dungeon, and saw 3 of its levels. You collected 93 gold pieces. Dungeon Overview and Level Annotations Branches: Dungeon (3/16) Altars: Makhleb Okawaru Xom Innate Abilities, Weirdness & Mutations You are too large for most types of armour. You have claws for hands. Your metabolism is lightning-fast. You like to eat raw meat. You heal very quickly. You can eat rotten meat. You are covered in fur (AC +1). You have very tough skin (AC +2). Skills: + Level 2.7 Fighting + Level 3.3 Maces & Flails * Level 1.5 Throwing + Level 3.6 Dodging + Level 0.4 Stealth + Level 0.2 Unarmed Combat You had 3 spell levels left. You didn't know any spells. Inventory: Hand weapons a - a +1,+1 mace (weapon) b - a +0 blowgun f - a +1,+2 dwarven dagger i - a +0,+1 orcish dagger k - a +0,+2 spear o - a +0,+1 spear (quivered) q - a +1,+2 dagger t - a -1,+1 orcish war axe u - a cursed -3,+1 orcish dagger w - a +0,+0 falchion x - a +0,+0 elven spear y - a +1,+1 dwarven hand axe Missiles d - 20 arrows e - 34 darts j - 60 bolts n - 17 poisoned needles p - 10 stones Armour l - a +0 animal skin (worn) Comestibles c - 2 meat rations r - a beef jerky Scrolls h - a scroll of identify s - a scroll of magic mapping v - a scroll of blinking {unknown} Potions g - a potion of agility m - 4 potions of heal wounds z - a potion of curing Books A - a book of the Dragon Spells Type Level Flight Charms/Air 3 Cause Fear Hexes 4 Bolt of Fire Conjuration/Fire 6 Dragon Form Transmutation 7 Summon Dragon Summoning 9 Trog disapproves of the use of such an item. Message History An orc comes into view. It is wielding an orcish flail. A hobgoblin comes into view. It is wielding an orcish club. The hobgoblin shouts! An orc comes into view. It is wielding an orcish club. The orc shouts! The hobgoblin hits you but does no damage. You completely miss the hobgoblin. The hobgoblin hits you with an orcish club. You hit the hobgoblin. The hobgoblin is severely wounded. The hobgoblin barely misses you. You hit the hobgoblin. You kill the hobgoblin! Trog accepts your kill. The orc closely misses you. You closely miss the orc. The orc hits you with an orcish flail. The orc hits you with an orcish flail. The orc hits you with an orcish club. You closely miss the orc. The orc hits you but does no damage. The orc hits you but does no damage. You hit the orc. The orc is moderately wounded. The orc closely misses you. The orc hits you with an orcish flail! * * * LOW HITPOINT WARNING * * * You barely miss the orc. The orc is moderately wounded. The orc hits you but does no damage. The orc hits you with an orcish flail. * * * LOW HITPOINT WARNING * * * You hit the orc. The orc is severely wounded. The orc hits you with an orcish club. * * * LOW HITPOINT WARNING * * * The orc hits you with an orcish flail! * * * LOW HITPOINT WARNING * * * You barely miss the orc. The orc is severely wounded. The orc barely misses you. The orc hits you but does no damage. You hit the orc but do no damage. The orc is severely wounded. The orc barely misses you. The orc hits you with an orcish flail! You die... #.#.#.##.#.................. ###.#.#.##.#.................. #........#.#.....)............ #####.#..#.#.....<............ #....#..#............### #### #.#..#..####.........# #...................## ### #..##.....###......... .... #.. ##.####o@......... .... .o. ### #.o#..+#..... .... ... #..##.#.#.... ..... .... #.#.#.. . ..... ....( #%#.# w.... ..(. #.#.# ##.. .# #...# #.. #...# #.. #.#.# #.. You could see 2 orcs.

Vanquished Creatures
  4 adders
  3 gnolls (D:3)
  A giant mite (D:3)
  3 giant geckos
  An orc (D:3)
  3 bats
  10 hobgoblins
  4 jackals (D:2)
  A quokka (D:2)
  3 giant cockroaches (D:2)
  2 giant newts (D:1)
  6 goblins
  4 kobolds
  3 rats
48 creatures vanquished. Notes Turn | Place | Note -------------------------------------------------------------- 0 | D:1 | Aargh, the Troll Berserker, began the quest for the Orb. 0 | D:1 | Reached XP level 1. HP: 22/22 MP: 1/1 472 | D:1 | Reached XP level 2. HP: 27/29 MP: 1/1 965 | D:2 | Reached skill level 3 in Dodging 1032 | D:2 | Reached XP level 3. HP: 34/36 MP: 2/2 1197 | D:2 | Found a shimmering altar of Xom. 1198 | D:2 | Found a burning altar of Makhleb. 1229 | D:2 | Acquired Trog's second power 1310 | D:2 | Reached skill level 3 in Maces & Flails 1333 | D:2 | Reached skill level 1 in Throwing 1542 | D:3 | Reached XP level 4. HP: 44/44 MP: 2/2 1726 | D:3 | Found an iron altar of Okawaru. 1913 | D:3 | Slain by an orc
